 Dungeon Crawl Stone Soup version 0.32-a0-120-gfac0567ad4 (webtiles) character file.

Game seed: 8599044738705348463

1579 PriceMaster the Firebug (level 8, -9/47 HPs)
             Began as an Octopode Fire Elementalist on Feb 7, 2024.
             Killed from afar by cforsyth's ghost (10 damage)
             ... with a blast of sand
             ... on level 4 of the Dungeon.
             The game lasted 00:11:25 (5487 turns).

PriceMaster the Firebug (OpFE)                      Turns: 5487, Time: 00:11:25

Health: -9/47      AC:  1    Str:  7    XL:     8   Next: 91%
Magic:  9/17       EV: 13    Int: 19    God:
Gold:   265        SH:  0    Dex: 13    Spells: 10/19 levels left

rFire   . . .        o - +2 whip (flame)
rCold   . . .        (no shield)
rNeg    . . .        (helmet restricted)
rPois   .            a - amulet of magic regeneration
rElec   .            g - ring of resist corrosion
rCorr   +            (no ring)
SInv    .            (no ring)
Will    .....        (no ring)
Stlth   ++++         (no ring)
HPRegen 0.27/turn    (no ring)
MPRegen 0.55/turn    (no ring)
                     (no ring)

%: no passive effects
@: no status effects
A: almost no armour, amphibious, 8 rings, camouflage 1, gelatinous body 1,
(nimble swimmer 1), tentacles
a: no special abilities


You were on level 4 of the Dungeon.
You visited 1 branch of the dungeon, and saw 4 of its levels.
You also visited: Sewer.

You collected 265 gold pieces.

Inventory:

Hand Weapons
 b - a +0 short sword
 h - a +2 dagger of venom
 o - a +2 whip of flaming (weapon)
Jewellery
 a - an amulet of magic regeneration (around mantle)
 f - a ring of protection from cold
 g - a ring of resist corrosion (left tentacle)
Scrolls
 d - 2 scrolls of teleportation
 i - a scroll of noise
 j - a scroll of poison
 k - a scroll of fog
 l - a scroll of fear
 q - 3 scrolls of immolation {unknown}
Potions
 p - 2 potions of attraction


   Skills:
 + Level 0.8 Fighting
 + Level 0.4 Short Blades
 + Level 2.1 Dodging
 + Level 5.0 Stealth
 + Level 6.2 Spellcasting
 + Level 3.1 Conjurations
 + Level 2.6 Hexes
 + Level 1.7 Translocations
 + Level 7.1 Fire Magic


You had 10 spell levels left.
You knew the following spells:

 Your Spells              Type           Power      Damage    Failure   Level
a - Foxfire               Conj/Fire      100%       2x1d9     1%          1
b - Scorch                Fire           64%        2d7       1%          2
c - Inner Flame           Hex/Fire       24%        N/A       4%          3
d - Volatile Blastmotes   Fire/Tloc      44%        2d13      5%          3

Your spell library contained the following spells:

 Spells                   Type           Power      Damage    Failure   Level
 Lesser Beckoning         Tloc           24%        N/A       9%          2
 Flame Wave               Conj/Fire      25%        2d8       13%         4
 Gell's Gravitas          Tloc           12%        N/A       16%         3
 Teleport Other           Tloc           12%        N/A       16%         3


Dungeon Overview and Level Annotations

Branches:
Dungeon (4/15)              Sewer (visited)
 Temple: D:4-7

Altars:
Gozag

Annotations:
D:4 1 runed translucent door, cforsyth's ghost, novice DjWr


Innate Abilities, Weirdness & Mutations

You cannot wear most types of armour.
You are amphibious.
You can wear up to eight rings at the same time.
Your skin changes colour to match your surroundings (Stealth+).
Your rubbery body absorbs attacks. (AC +1, EV +1)
((You are camouflaged when in or above water. (Stealth+)))
You have tentacles for arms and can constrict up to eight enemies at once.


Message History

Press: ? - help, Dir - move target, f - bullfrog, p - rat
Aim: a bullfrog (severely wounded, chance to affect: 78%)
The bullfrog is filled with an inner flame.
The bullfrog closely misses you.
The cloud of blastmotes explodes!
The concussive blast engulfs the rat!!
The concussive blast engulfs the bullfrog!
The bullfrog explodes!
The fiery explosion engulfs you!!
Ouch! That really hurt!
* * * LOW HITPOINT WARNING * * *
The rat explodes!
Your Stealth skill increases to level 5!
Okay, then.
Casting: Inner Flame (dangerous; 4% risk of failure)
Confirm with . or Enter, or press ? or * to list all spells.
Aiming: Inner Flame (dangerous; 4% risk of failure)
Press: ? - help, Dir - move target, f - cforsyth's ghost
Aim: cforsyth's ghost (flame, chance to affect: 59%)
Okay, then.
Casting: Inner Flame (dangerous; 4% risk of failure)
Confirm with . or Enter, or press ? or * to list all spells.
Flames lash cforsyth's ghost.
Cforsyth's ghost completely resists.
Cforsyth's ghost gestures at you while chanting.
The blast of sand misses you.
Unknown command.
Casting: Scorch (safe; 1% risk of failure)
Confirm with . or Enter, or press ? or * to list all spells.
Flames lash cforsyth's ghost.
Cforsyth's ghost completely resists.
Okay, then.
As you read the scroll labelled CIHUM DUACW, it crumbles to dust.
It is a scroll of amnesia.
Okay, then.
Cforsyth's ghost hits you.
* * * LOW HITPOINT WARNING * * *
As you read the scroll labelled ITUTI SAMPEQUE, it crumbles to dust.
It is a scroll of enchant weapon.
Your +1 whip of flaming glows red for a moment.
Cforsyth's ghost points at you and mumbles some strange words.
The blast of sand hits you!
You die...

........##.....###...........#...
.....#####..##.#.#.####.##'#.####
.........#..##...#.#..'.'..#.#.##
.##.###########>.#.#..#.#..#.#.##
..#.#r~~~~~~~~#§##.#'##.####.#...
....+~r~~$~~~B§.§#...........##..
....#~~~~~~w~r#§.#.#'##.####.#...
##..###########§W#.#..'.'..#.#...
...........#####@#.#..#.#..#.#...
##...#......[##..#.####.##'#.#...
##.###......#...#...........#...
### ##.........#.####.##'#.#..#
#..........#.#..'.'..#.#...
##..###....#.#⌠.#.#..#.#...
##....#...##.####.####.##.#
#.......####.............##
###.....################.##


You could see cforsyth's ghost, a quokka and a giant cockroach.

Vanquished Creatures
  Pikel (D:4)
  Grinder (D:3)
  Eustachio (D:4)
  An orc warrior (D:4)
  An ice beast (D:4)
  An ogre (D:4)
  A crocodile (Sewer)
  2 lemures (D:4)
  Blork the orc (D:4)
  A bullfrog (D:4)
  A howler monkey (D:3)
  A bombardier beetle (D:3)
  An iguana (D:4)
  2 orc wizards
  6 adders
  2 dart slugs
  11 orcs
  5 bats
  3 endoplasms
  5 giant cockroaches
  14 goblins
  8 hobgoblins
  2 jackals (Sewer)
  3 quokkas
  8 ball pythons
  2 frilled lizards
  7 kobolds
  8 rats
100 creatures vanquished.

Vanquished Creatures (others)
  228 foxfires
228 creatures vanquished.

Grand Total: 328 creatures vanquished

Notes
Turn   | Place    | Note
-------+----------+-------------------------------------------
     0 | D:1      | PriceMaster the Octopode Fire Elementalist began the quest
                  | for the Orb.
     0 | D:1      | Reached XP level 1. HP: 11/11 MP: 3/3
   203 | D:1      | Reached XP level 2. HP: 17/17 MP: 0/5
   206 | D:1      | Learned a level 2 spell: Scorch
  1151 | D:2      | Reached XP level 3. HP: 20/21 MP: 1/6
  1277 | D:2      | Learned a level 3 spell: Inner Flame
  2201 | D:3      | Found an opulent altar of Gozag.
  2283 | D:3      | Noticed Grinder
  2314 | D:3      | Killed Grinder
  2315 | D:3      | Reached skill level 4 in Fire Magic
  2315 | D:3      | Reached XP level 4. HP: 27/27 MP: 0/9
  2315 | D:3      | Reached XP level 5. HP: 31/31 MP: 0/10
  2315 | D:3      | Reached XP level 6. HP: 36/36 MP: 0/11
  2640 | D:3      | Learned a level 3 spell: Volatile Blastmotes
  3244 | D:3      | Reached skill level 5 in Fire Magic
  3756 | D:4      | Noticed Blork the orc
  3763 | D:4      | Killed Blork the orc
  3764 | D:4      | Reached skill level 1 in Hexes
  3764 | D:4      | Reached XP level 7. HP: 42/42 MP: 5/13
  4069 | D:4      | Noticed Pikel
  4134 | D:4      | Found a glowing drain.
  4138 | Sewer    | Entered a sewer
  4534 | D:4      | Killed Pikel
  4535 | D:4      | Reached skill level 5 in Spellcasting
  4535 | D:4      | Reached skill level 1 in Translocations
  4535 | D:4      | Reached skill level 6 in Fire Magic
  4535 | D:4      | Reached XP level 8. HP: 47/47 MP: 5/16
  4823 | D:4      | Noticed Eustachio
  4832 | D:4      | Killed Eustachio
  4833 | D:4      | Reached skill level 7 in Fire Magic
  4975 | D:4      | Found a runed translucent door.
  5008 | D:4      | Found a runed translucent door.
  5009 | D:4      | Noticed cforsyth's ghost (novice DjWr)
  5482 | D:4      | HP: 2/47 [spore (27)]
  5483 | D:4      | Reached skill level 5 in Stealth
  5487 | D:4      | Killed from afar by cforsyth's ghost

Illustrated notes

Levels and vault maps discovered:
D:1:      dpeg_arrival_rhombus, layout_basic, kennysheep_decorative_pillar
D:2:      kennysheep_the_goblin_king, layout_basic, minivault_26,
          minmay_misc_feat_five, minmay_misc_feat_secret_circle
D:3:      minmay_razor_zed, layout_rooms,
          nicolae_gozag_cash_rules_everything_around_me, uniq_grinder
D:4:      minmay_door_path, layout_cave_pools, gup_sewer_entry_spiral,
          ebering_ghost_sewer_f, uniq_pikel, uniq_blork_the_orc, uniq_eustachio

Skill      XL: |  1  2  3  4  5  6  7  8 |
---------------+-------------------------+-----
Stealth        | 3 4 5 |  5.0
Spellcasting   | 3 4 5 6 |  6.2
Conjurations   | 2 3 |  3.1
Fire Magic     | 4 5 6 7 |  7.1
Hexes          | 1 2 |  2.6
Translocations | 1 |  1.7
Fighting       | |  0.8
Short Blades   | |  0.4
Dodging        | |  2.1

Action                     |  1- 3 |  4- 6 |  7- 9 || total
---------------------------+-------+-------+-------++-------
  Melee: Unarmed           |     4 |       |       ||     4
         Constrict         |     3 |     4 |     2 ||     9
         Tentacles         |     1 |     4 |     2 ||     7
         Short sword       |     5 |    36 |       ||    41
         Dagger            |       |       |     4 ||     4
   Cast: Foxfire           |    65 |    32 |    41 ||   138
         Scorch            |     1 |    13 |    14 ||    28
         Inner Flame       |     5 |    12 |    24 ||    41
         Volatile Blastmot |       |     1 |    18 ||    19
    Use: Potion            |     1 |     5 |     3 ||     9
         Scroll            |       |       |     8 ||     8
   Stab: Sleeping          |     1 |     1 |     1 ||     3
 Armour: Skin              |     9 |    72 |    13 ||    94
  Dodge: Dodged            |    11 |    12 |     6 ||    29

Table legend: (Time is in decaauts)
 A = Elapsed time spent in this place.
 B = Non-inter-level travel time spent in this place.
 C = Inter-level travel time spent in this place.
 D = Time resting spent in this place.
 E = Time spent auto-exploring this place.
 F = Levels seen in this place.
 G = Mean time per level.
                   A        B        C        D        E       F      G
               +--------+--------+--------+--------+--------+-----+--------+
         Total |   5486 |   5312 |    174 |   1178 |   3374 |   5 | 1097.2 |
       Dungeon |   5112 |   4938 |    174 |    930 |   3301 |   4 | 1278.0 |
         Sewer |    373 |    373 |      0 |    248 |     73 |   1 |  373.0 |
               +--------+--------+--------+--------+--------+-----+--------+

Top non-repeatable levels by time:
     D:3: 1583 daAuts
     D:4: 1380 daAuts
     D:1: 1085 daAuts
     D:2: 1063 daAuts
   Sewer: 373 daAuts
